 Dungeon Crawl Stone Soup version 0.14.1-24-gbdbe590 (console) character file.

23 5ubbak the Vexing (level 2, -4/17 HPs)
             Began as an Octopode Enchanter on June 18, 2014.
             Slain by Terence
             ... wielding a +0,+0 hand axe
              (8 damage)
             ... on Level 2 of the Dungeon.
             The game lasted 00:04:40 (1046 turns).

5ubbak the Vexing (Octopode Enchanter)              Turns: 1046, Time: 00:04:40

HP  -4/17        AC  1     Str  7      XL: 2   Next: 95%
MP   2/4         EV 12     Int 17      God:
Gold 0           SH  0     Dex 12      Spells:  2 memorised,  2 levels left

rFire  . . .     SeeInvis .     a - +1 dagger
rCold  . . .     Clarity  .     (no shield)
rNeg   . . .     Conserve .     (helmet restricted)
rPois  .         rCorr    .     (no amulet)
rElec  .         rRot     .     (no ring)
SustAb . .       Spirit   .     (no ring)
rMut   .         Warding  .     (no ring)
Saprov . . .     Stasis   .     (no ring)
MR     .....                    (no ring)
                                (no ring)
                                (no ring)
                                (no ring)

@: not resistant to hostile enchantments, quite stealthy
A: almost no armour, amphibious, 8 rings, constrict 8, camouflage 1, gelatinous
body 1
a: no special abilities


You were on level 2 of the Dungeon.
You were not hungry.

You visited 1 branch of the dungeon, and saw 2 of its levels.

Inventory:

Hand weapons
 a - a +1,+1 dagger (weapon)
Missiles
 d - 12 darts (quivered)
Comestibles
 b - a chunk of bat flesh
 f - a bread ration
 g - a rotting chunk of bat flesh
 j - a rotting chunk of giant gecko flesh
Potions
 e - a potion of brilliance {unknown}
 k - a potion of confusion {unknown}
 l - a potion of paralysis {unknown}
Books
 c - a book of Maledictions

   Spells                             Type                      Level
   *Corona                            Hexes                        1
   Sure Blade                         Hexes/Charms                 2
   *Ensorcelled Hibernation           Hexes/Ice                    2
   Confuse                            Hexes                        3
   Enslavement                        Hexes                        4
   Invisibility                       Hexes                        6


   Skills:
 * Level 1.7 Short Blades
 - Level 1.0 Throwing
 - Level 2.0 Dodging
 + Level 2.9 Stealth
 + Level 2.2 Spellcasting
 * Level 3.3 Hexes
 * Level 0.2 Ice Magic


You had 2 spell levels left.
You knew the following spells:

 Your Spells              Type           Power        Failure   Level  Hunger
a - Corona                Hex            ##.....      6%          1    #......
b - Ensorcelled Hibernat  Hex/Ice        #.....       17%         2    ##.....


Dungeon Overview and Level Annotations

Branches:
Dungeon (2/15)

Altars:

Annotations:
D:2 Terence


Innate Abilities, Weirdness & Mutations

You cannot wear most types of armour.
You are amphibious.
You can wear up to eight rings at the same time.
You can use your tentacles to constrict many enemies at once.
Your skin changes colour to match your surroundings (Stlth).
Your rubbery body absorbs attacks (AC +1).


Message History

You hit Terence.
Terence is almost dead.
You constrict Terence, but do no damage.
Terence hits you with a hand axe.
You barely miss Terence.
Terence is almost dead.
You constrict Terence, but do no damage.
Terence hits you with a hand axe.
You hit Terence but do no damage.
Terence is almost dead.
You constrict Terence, but do no damage.
You hit Terence but do no damage.
Terence is almost dead.
You constrict Terence, but do no damage.
Terence hits you with a hand axe.
* * * LOW HITPOINT WARNING * * *
You hit Terence but do no damage.
Terence is almost dead.
You constrict Terence. Terence hits you with a hand axe!
You die...

.. .# #####.#####
#.........## #+#
#.##.......# #...##
#.##..###..#
#.....###.##..###..# .##
#.......##@##.......#
..####.........#@##...#...#
.....+.........'..........#
....##.........#..........#
..#.# #.......#####.......#
#.#.# ##.....## #####.###
..#<# ##...## .# ....#
##'## # #.### #.# #.# #.#


You could see Terence.

Vanquished Creatures
  2 giant geckos (D:1)
  An ooze (D:1)
  A ball python (D:1)
  5 bats
  3 giant cockroaches (D:1)
  A hobgoblin (D:2)
  2 giant newts (D:1)
  A goblin (D:1)
  3 kobolds (D:1)
  A rat (D:1)
20 creatures vanquished.

Notes
Turn   | Place    | Note
--------------------------------------------------------------
     0 | D:1      | 5ubbak, the Octopode Enchanter, began the quest for the Orb.
     0 | D:1      | Reached XP level 1. HP: 11/11 MP: 3/3
   183 | D:1      | Reached XP level 2. HP: 12/17 MP: 4/4
   392 | D:1      | Learned a level 2 spell: Ensorcelled Hibernation
   973 | D:2      | Noticed Terence
  1046 | D:2      | Slain by Terence

Action                   || total
-------------------------++-------
Melee: Dagger            ||    60
 Cast: Corona            ||     4
       Ensorcelled Hiber ||     7
 Stab: Sleeping          ||     6
